 Dungeon Crawl Stone Soup version 0.31.0-11-ge490571c62 (webtiles) character file.

Game seed: 16758093381124156067

72 dialectric the Trooper (level 4, -10/29 HPs)
             Began as a Gargoyle Fighter on Jan 29, 2024.
             Killed by divine providence
             ... invoked by an orc priest
              (16 damage)
             ... on level 3 of the Dungeon.
             The game lasted 00:01:48 (1563 turns).

dialectric the Trooper (Gargoyle Fighter)           Turns: 1563, Time: 00:01:48

Health: -10/29     AC: 12    Str: 21    XL:     4   Next: 25%
Magic:  4/4        EV: 10    Int:  9    God:
Gold:   92         SH:  0    Dex:  9    Spells: 3/3 levels left

rFire   . . .        a - +0 flail
rCold   . . .        (no shield)
rNeg    + . .        b - +0 scale mail
rPois   ∞            (no helmet)
rElec   +            f - +0 cloak
rCorr   .            g - +0 pair of gloves
SInv    .            (no boots)
Will    .....        (no amulet) Stlth
                     (no ring)
HPRegen 0.24/turn    (no ring)
MPRegen 0.09/turn

%: no passive effects
@: no status effects
A: sickness immunity, AC +3, negative energy resistance 1, electricity
resistance, torment resistance 1, petrification resistance
a: no special abilities


You were on level 3 of the Dungeon.
You visited 1 branch of the dungeon, and saw 3 of its levels.

You collected 92 gold pieces.

Inventory:

Hand Weapons
 a - a +0 flail (weapon)
Armour
 b - a +0 scale mail (worn)
 c - a +0 buckler
 f - a +0 cloak (worn)
 g - a +0 pair of gloves (worn)
Scrolls
 e - a scroll of silence {unknown}
 h - a scroll of amnesia {unknown}
 i - a scroll of vulnerability {unknown}
 j - 3 scrolls of identify {unknown}
 k - a scroll of immolation {unknown}
 n - a scroll of fog {unknown}
Potions
 d - a potion of might
 l - a potion of curing {unknown}
 m - a potion of mutation {unknown}


   Skills:
 + Level 3.8 Fighting
 * Level 3.0 Maces & Flails
 + Level 3.7 Armour
 * Level 1.4 Dodging
 - Level 3.2 Shields


You had 3 spell levels left.
You didn't know any spells.
Your spell library contained the following spells:

 Spells                   Type           Power      Damage    Failure   Level
 Slow                     Hex            0%         N/A       71%         1
 Confusing Touch          Hex            0%         N/A       97%         3
 Sigil of Binding         Hex            0%         N/A       97%         3
 Vampiric Draining        Necr           0%         2d6       97%         3


Dungeon Overview and Level Annotations

Branches:
Dungeon (3/15)

Altars:

Shops:
D:1 [


Innate Abilities, Weirdness & Mutations

You are immune to sickness and miasma.
Your stone body is resilient. (AC +3)
You are immune to poison.
You resist negative energy. (rN+)
You are resistant to electric shocks. (rElec)
You are resistant to unholy torment.
You are immune to petrification.


Message History

An orc priest comes into view.
It is wielding a +0 hand axe and wearing a +0 chain mail of poison resistance.
The orc priest invokes the aid of Beogh against you.
Beogh smites you!
An orc priest is nearby!
The orc priest hits you but does no damage.
You closely miss the orc priest.
The orc priest miscasts a cantrip.
You hit the orc priest but do no damage.
The orc priest looks braver for a moment.
You hit the orc priest but do no damage.
The orc priest begins to cast a cantrip, but forgets the words!
You closely miss the orc priest. The orc priest barely misses you.
The orc priest hits you with a +0 hand axe.
You barely miss the orc priest.
The orc priest hits you but does no damage.
You hit the orc priest.
The orc priest is moderately wounded.
The orc priest hits you but does no damage.
You barely miss the orc priest.
The orc priest is moderately wounded.
The orc priest hits you but does no damage.
You barely miss the orc priest.
The orc priest is moderately wounded.
The orc priest hits you but does no damage. x2
You sock the orc priest!
The orc priest is severely wounded.
The orc priest hits you with a +0 hand axe.
You hit the orc priest but do no damage.
The orc priest is severely wounded.
The orc priest hits you with a +0 hand axe.
* * * LOW HITPOINT WARNING * * *
You barely miss the orc priest.
The orc priest is severely wounded.
The orc priest closely misses you.
You hit the orc priest but do no damage.
The orc priest is severely wounded.
The orc priest mumbles some strange prayers to Beogh against you.
Beogh smites you!
Ouch! That really hurt!
You die...

#..........#.....#..
##########.#..........
###).........
#######)..#######
..........#..#
######....#..#
#.....#..####.
#..#..#o......
#..#..@.....#
#.........)[#
#####.......#
........# ##.......#
#.......# #.......#
#.......#


You could see an orc priest.

Vanquished Creatures
  An adder (D:2)
  5 dart slugs
  A ribbon worm (D:2)
  2 orcs (D:3)
  5 endoplasms
  A giant cockroach (D:1)
  4 goblins
  3 hobgoblins
  3 quokkas
  2 ball pythons (D:1)
  8 bats
  3 frilled lizards
  5 kobolds
  3 rats
46 creatures vanquished.

Notes
Turn   | Place    | Note
-------+----------+-------------------------------------------
     0 | D:1      | dialectric the Gargoyle Fighter began the quest for the
                  | Orb.
     0 | D:1      | Reached XP level 1. HP: 14/14 MP: 1/1
   118 | D:1      | Reached XP level 2. HP: 17/19 MP: 2/2
   465 | D:1      | Reached XP level 3. HP: 24/24 MP: 3/3
   689 | D:1      | Found Refiduil's Armour Emporium.
   839 | D:2      | Reached skill level 1 in Dodging
  1056 | D:2      | Reached XP level 4. HP: 29/29 MP: 4/4
  1563 | D:3      | Killed from afar by an orc priest

Illustrated notes

Levels and vault maps discovered:
D:1:      dpeg_arrival_arbitrary_c, layout_basic, serial_shops, shop
D:2:      layout_basic, minmay_tripent
D:3:      layout_basic, mainiacjoe_overflow_surrounded_room,
          grunt_temple_overflow_open, shapermc_ecumenical_altar_pompeii,
          minmay_misc_feat_four_crosses, minmay_hedge_maze

Skill      XL: |  1  2  3  4 |
---------------+-------------+-----
Dodging        | 1 |  1.4
Maces & Flails | 3 |  3.0
Fighting       | |  3.8
Armour         | |  3.7
Shields        | |  3.2

Action                     |  1- 3 |  4- 6 || total
---------------------------+-------+-------++-------
  Melee: Flail             |   126 |    32 ||   158
 Armour: Scale mail        |    95 |    24 ||   119
  Dodge: Dodged            |    81 |    16 ||    97
